 Dungeon Crawl Stone Soup version 0.31.0-11-ge490571c62 (webtiles) character file.

Game seed: 6726682700152933495

471418 Esekla the Sorcerer (level 24, -2/166 HPs)
             Began as an Octopode Wanderer on Feb 4, 2024.
             Was an Initiate of Gozag.
             Slain by a golden dragon (17 damage)
             ... on level 5 of the Vaults on Feb 5, 2024.
             The game lasted 10:36:19 (75140 turns).

Esekla the Sorcerer (Octopode Wanderer)            Turns: 75140, Time: 10:36:20

Health: -2/166     AC: 21    Str: 25 (26) XL:     24   Next: 36%
Magic:  43/48      EV: 23    Int: 35      God:    Gozag
Gold:   4064       SH:  6    Dex: 20      Spells: 6/65 levels left

rFire   . . .        a - +9 falchion (vamp)
rCold   + + +        S - +0 buckler
rNeg    . . .        b - +1 hat "Uhabiarr" {Int+5}
rPois   .            C - amulet of magic regeneration
rElec   .            I - ring "Woyp" {rCorr Str+3 Int+6 Stlth-}
rCorr   +            W - ring of Ocec {Fly rC++ Int+2 SInv}
SInv    +            E - ring "Kuaff" {rF+ AC+4}
Will    +....        P - +4 ring of protection
Stlth   +++++++      v - ring of Akoczunk {rF- Str+3 Int+6 Stlth+}
HPRegen 0.47/turn    Q - ring of the Zebra {rC+ Str+6 Slay+5}
MPRegen 0.71/turn    q - +4 ring of slaying
                     T - +4 ring of slaying

%: no passive effects
@: ice-armoured, about to teleport, gold aura, flying
A: almost no armour, amphibious, 8 rings, camouflage 1, gelatinous body 1,
(nimble swimmer 1), tentacles, agile 2, deterioration 1, dopey 1, passive
freeze, subdued magic 1
}: 3/15 runes: decaying, abyssal, gossamer
a: Renounce Religion, Potion Petition, Call Merchant, Bribe Branch


You were on level 5 of the Vaults.
You worshipped Gozag.
Gozag was most pleased with you.
You visited 9 branches of the dungeon, and saw 41 of its levels.
You visited the Abyss 1 time.
You visited 1 bazaar.
You also visited: Trove, Sewer, Bailey, Gauntlet, Ice Cave and Desolation.

You collected 21055 gold pieces.
You spent 7337 gold pieces at shops.
You paid 9654 gold pieces to Gozag.

Inventory:

Hand Weapons
 a - a +9 vampiric falchion (weapon)
 c - the +3 Elemental Staff {ele, rElec rF+ rC+ AC+3}
   (You acquired it on level 8 of the Dungeon)

   AC+3:      It affects your AC (+3).
   rF+:       It protects you from fire.
   rC+:       It protects you from cold.
   rElec:     It insulates you from electricity.
 e - a +8 long sword of electrocution
 f - the +2 Maxwell's thermic engine {flame, freeze, rev}
   (You took it off a deep elf knight on level 3 of the Elven Halls)
 r - the +11 spear "Rekhonafu" {flame, rElec Will+ Dex+2}
   (You found it on level 5 of the Lair of Beasts)

   Dex+2:     It affects your dexterity (+2).
   rElec:     It insulates you from electricity.
   Will+:     It increases your willpower.
 s - the +7 dagger "Vusomp" {heavy, rElec rN+ Int+3 Dex+2}
   (You found it on level 2 of the Dungeon)

   Int+3:     It affects your intelligence (+3).
   Dex+2:     It affects your dexterity (+2).
   rElec:     It insulates you from electricity.
   rN+:       It protects you from negative energy.
Missiles
 k - 37 poisoned darts
 M - 6 curare-tipped darts
 U - 10 silver javelins
 V - 6 boomerangs (quivered)
Armour
 b - the +1 hat "Uhabiarr" (worn) {Int+5}
   (You found it on level 1 of the Vaults)

   Int+5:     It affects your intelligence (+5).
 S - a +0 buckler (worn)
Jewellery
 g - the ring "Ajomoal" {Int+4 Dex+6}
   (You found it in a treasure trove)

   [ring of dexterity]

   Int+4:     It affects your intelligence (+4).
   Dex+6:     It affects your dexterity (+6).
 i - the ring of Xom's Amusement {Will- MP+9 Int+9 Dex+5}
   (You found it in a treasure trove)

   [ring of magical power]

   Int+9:     It affects your intelligence (+9).
   Dex+5:     It affects your dexterity (+5).
   Will-:     It decreases your willpower.
   MP+9:      It affects your magic capacity (+9).
 l - the ring "Hugol" {Wiz rF+}
   (You found it in a Gauntlet)

   [ring of wizardry]

   Wiz:       It improves your spell success rate.
   rF+:       It protects you from fire.
 m - the ring "Jom Olog" {rF+ Int+4}
   (You found it in the Desolation of Salt)

   [ring of protection from fire]

   Int+4:     It affects your intelligence (+4).
   rF+:       It protects you from fire.
 q - a +4 ring of slaying (on tentacle)
 v - the ring of Akoczunk (on tentacle) {rF- Str+3 Int+6 Stlth+}
   (You found it in the Desolation of Salt)

   [ring of intelligence]

   Str+3:     It affects your strength (+3).
   Int+6:     It affects your intelligence (+6).
   rF-:       It makes you vulnerable to fire.
   Stlth+:    It makes you more stealthy.
 C - an amulet of magic regeneration (around mantle)
 D - the ring "Yddos" {rPois Will+ Str+6}
   (You found it in a treasure trove)

   [ring of willpower]

   Str+6:     It affects your strength (+6).
   rPois:     It protects you from poison Will+: It increases your willpower.
 E - the ring "Kuaff" (on tentacle) {rF+ AC+4}
   (You found it in a treasure trove)

   [ring of protection]

   AC+4:      It affects your AC (+4).
   rF+:       It protects you from fire.
 G - the ring of the Catfish {Will+ Int+3 SInv}
   (You found it in a treasure trove)

   [ring of willpower]

   Int+3:     It affects your intelligence (+3).
   Will+:     It increases your willpower.
   SInv:      It lets you see invisible.
 I - the ring "Woyp" (left tentacle) {rCorr Str+3 Int+6 Stlth-}
   (You found it in a treasure trove)

   [ring of intelligence]

   Str+3:     It affects your strength (+3).
   Int+6:     It affects your intelligence (+6).
   rCorr:     It protects you from acid and corrosion.
   Stlth-:    It makes you less stealthy.
 N - the ring "Xacow" {rC- rN+ Will- Str+3 Int+8}
   (You found it on level 12 of the Dungeon)

   [ring of positive energy]

   Str+3:     It affects your strength (+3).
   Int+8:     It affects your intelligence (+8).
   rC-:       It makes you vulnerable to cold.
   rN+:       It protects you from negative energy.
   Will-:     It decreases your willpower.
 P - a +4 ring of protection (on tentacle)
 Q - the ring of the Zebra (on tentacle) {rC+ Str+6 Slay+5}
   (You bought it in a shop on level 15 of the Dungeon)

   [ring of strength]

   Str+6:     It affects your strength (+6).
   Slay+5:    It affects your accuracy & damage with ranged weapons and melee
   (+5).
   rC+:       It protects you from cold.
 R - an amulet of reflection
 T - a +4 ring of slaying (on tentacle)
 W - the ring of Ocec (right tentacle) {Fly rC++ Int+2 SInv}
   (You found it in a treasure trove)

   [ring of flight]

   Int+2:     It affects your intelligence (+2).
   rC++:      It greatly protects you from cold.
   SInv:      It lets you see invisible.
   Fly:       It grants you flight.
Wands
 p - a wand of quicksilver (39)
 z - a wand of digging (3)
 J - a wand of flame (68)
 O - a wand of mindburst (27)
 X - a wand of iceblast (39)
Scrolls
 d - 2 scrolls of silence
 u - 5 scrolls of poison
 y - 4 scrolls of fear
 A - 5 scrolls of teleportation
 K - 9 scrolls of fog
 L - 5 scrolls of revelation
Potions
 h - 4 potions of ambrosia
 j - a potion of magic
 n - 7 potions of resistance
 o - 4 potions of enlightenment
 t - a potion of curing
 w - 4 potions of attraction
 x - 2 potions of cancellation
 B - 6 potions of invisibility
 F - 3 potions of might
 H - 2 potions of haste
 Y - 2 potions of berserk rage
 Z - 6 potions of brilliance


   Skills:
 * Level 14.1 Fighting
 + Level 5.2(9.7) Short Blades
 * Level 12.6(13.0) Long Blades
 + Level 0.9(3.5) Polearms
 + Level 5.4(5.5) Staves
 + Level 4.5 Throwing
 * Level 14.4 Dodging
 + Level 13.2 Stealth
 - Level 5.3 Shields
 * Level 21.0 Spellcasting
 + Level 7.8 Conjurations
 - Level 4.1 Summonings
 + Level 9.6 Necromancy
 + Level 4.1 Translocations
 + Level 6.3 Fire Magic
 * Level 14.3 Ice Magic
 * Level 10.7 Air Magic
 + Level 6.9 Earth Magic
 + Level 8.1 Alchemy
 + Level 0.8 Evocations


You had 6 spell levels left.
You knew the following spells:

 Your Spells              Type           Power      Damage    Failure   Level
a - Ozocubu's Armour      Ice            81%        N/A       0%          3
b - Blink                 Tloc           100%       N/A       1%          2
d - Vampiric Draining     Necr           69%        2d10      1%          3
g - Ozocubu's Refrigerat  Ice            40%        4d16      1%          7
i - Irradiate             Conj/Alch      31%        3d22      1%          5
k - Airstrike             Air            36%        2d(6-22)  1%          4
l - Lee's Rapid Deconstr  Erth           30%        3d16*     1%          5
n - Ignite Poison         Fire/Alch      61%        N/A       1%          4
o - Scorch                Fire           100%       2d9       1%          2
p - Apportation           Tloc           100%       N/A       1%          1
r - Frozen Ramparts       Ice            100%       1d16      0%          3
s - Summon Lightning Spi  Summ/Air       62%        N/A       1%          4
w - Fugue of the Fallen   Necr           69%        N/A       1%          3
x - Olgreb's Toxic Radia  Alch           64%        N/A       1%          4
y - Sticky Flame          Fire/Alch      61%        2d10      1%          4
z - Freezing Cloud        Conj/Ice/Air   36%        6-21      1%          5

Your spell library contained the following spells:

 Spells                   Type           Power      Damage    Failure   Level
 Freeze                   Ice            100%       1d10      0%          1
 Kiss of Death            Conj/Necr      100%       2d13      0%          1
 Necrotise                Necr           100%       1d9       0%          1
 Sting                    Conj/Alch      100%       1d9       0%          1
 Cigotuvi's Dreadful Rot  Necr/Alch/Air  100%       N/A       0%          2
 Static Discharge         Conj/Air       100%       3-8/arc   0%          2
 Sublimation of Blood     Necr           69%        N/A       0%          2
 Hailstorm                Conj/Ice       73%        3d13      0%          3
 Foxfire                  Conj/Fire      100%       2x1d9     1%          1
 Magic Dart               Conj           100%       1d8       1%          1
 Sandblast                Erth           100%       2d20      1%          1
 Slow                     Hex            100%       N/A       1%          1
 Summon Small Mammal      Summ           100%       N/A       1%          1
 Call Imp                 Summ           100%       N/A       1%          2
 Ensorcelled Hibernation  Hex/Ice        100%       N/A       1%          2
 Jinxbite                 Hex            56%        N/A       1%          2
 Lesser Beckoning         Tloc           100%       N/A       1%          2
 Call Canine Familiar     Summ           50%        N/A       1%          3
 Confusing Touch          Hex            28%        N/A       1%          3
 Gell's Gravitas          Tloc           50%        N/A       1%          3
 Sigil of Binding         Hex            28%        N/A       1%          3
 Summon Ice Beast         Ice/Summ       67%        N/A       1%          3
 Teleport Other           Tloc           50%        N/A       1%          3
 Tukima's Dance           Hex            28%        N/A       1%          3
 Anguish                  Hex/Necr       26%        N/A       1%          4
 Dispel Undead            Necr           69%        3d23      1%          4
 Flame Wave               Conj/Fire      61%        2d14      1%          4
 Fulminant Prism          Conj/Alch      31%        3d16      1%          4
 Leda's Liquefaction      Alch/Erth      31%        N/A       1%          4
 Manifold Assault         Tloc           50%        N/A       1%          4
 Passage of Golubria      Tloc           50%        N/A       1%          4
 Petrify                  Alch/Erth      62%        N/A       1%          4
 Alistair's Intoxication  Alch           42%        N/A       1%          5
 Arcjolt                  Conj/Air       34%        1d44      1%          5
 Metabolic Englaciation   Hex/Ice        30%        N/A       1%          5
 Silence                  Hex/Air        27%        N/A       1%          5
 Sculpt Simulacrum        Ice/Alch       36%        N/A       1%          6
 Dimensional Bullseye     Hex/Tloc       19%        N/A       3%          4
 Summon Forest            Summ/Tloc      25%        N/A       3%          5
 Yara's Violent Unravell  Hex/Alch       25%        3d11      3%          5
 Plasma Beam              Fire/Air       32%        2x1d45    3%          6
 Bombard                  Conj/Erth      30%        9d5       5%          6
 Starburst                Conj/Fire      30%        6d9       6%          6
 Summon Mana Viper        Hex/Summ       39%        N/A       9%          5
 Dispersal                Tloc           25%        N/A       22%         6
 Summon Cactus Giant      Summ           25%        N/A       22%         6
 Orb of Destruction       Conj           31%        9d10      26%         7
 Spellforged Servitor     Conj/Summ      28%        N/A       52%         7
 Summon Hydra             Summ           25%        N/A       78%         7
 Lehudib's Crystal Spear  Conj/Erth      30%        10d8      95%         8
 Enfeeble                 Hex            14%        N/A       100%        7
 Discord                  Hex            14%        N/A       100%        8
 Disjunction              Tloc           25%        N/A       100%        8
 Animate Armour           Summ/Erth      Unusable   N/A       N/A         4

Dungeon Overview and Level Annotations

Branches:
Dungeon (15/15)            Temple (1/1) D:7            Lair (5/5) D:8
  Swamp (4/4) Lair:3       Spider (4/4) Lair:2        Slime (0/5) Lair:5
    Orc (2/2) D:10            Elf (3/3) Orc:2        Vaults (5/5) D:14
  Crypt (0/3) Vaults:3     Depths (2/4) D:15          Sewer (visited)
 Bailey (visited)           IceCv (visited)         Desolation (visited)
Gauntlet (visited)

Altars:
Ashenzari
Cheibriados
Dithmenos
Elyvilon
Fedhas
Gozag
Hepliaklqana
Kikubaaqudgha
Makhleb
Nemelex Xobeh
Okawaru
Qazlal
Ru
Sif Muna
Trog
Uskayaw
Vehumet
Wu Jian
Xom
Yredelemnul
Zin
The Shining One
Jiyva

Shops:
D:4 **   D:7 *=((   D:8 (*:**   D:11 :   D:14 (   D:15 =?[   Orc:1 (
Orc:2 =!**   Elf:2 ?   Elf:3 :   Lair:4 :   Vaults:1 ((   Vaults:4 =
Depths:1 :

Portals:
Hell: Depths:1 Depths:2
Pandemonium: Depths:2
Ziggurat: Depths:1

Annotations:
Orc:1 1 runed translucent door, jschmitter482's ghost, novice MiBe
Depths:2 Grunn


Innate Abilities, Weirdness & Mutations

You cannot wear most types of armour.
You are amphibious.
You can wear up to eight rings at the same time.
Your skin changes colour to match your surroundings (Stealth+).
Your rubbery body absorbs attacks. (AC +1, EV +1)
((You are camouflaged when in or above water. (Stealth+)))
You have tentacles for arms and can constrict up to eight enemies at once.
You are very agile. (Dex +8, Str/Int -2)
Your body sometimes deteriorates upon taking damage.
You are dopey. (Int -2)
A frigid envelope surrounds you and freezes all who hurt you.
Your spells are a little easier to cast, but a little less powerful.


Message History

Okay, then.
Casting: Blink (safe; 1% risk of failure)
Confirm with . or Enter, or press ? or * to list all spells.
A film of ice covers your body!
You feel ready to blink again.
A tengu reaver comes into view.
It is wielding a +2 great mace of draining.
A golden dragon comes into view.
The phantasmal warrior gestures at you.
The phantasmal warrior blinks!
The yaktaur captain hits you but does no damage.
The yaktaur captain is very cold.
The yaktaur captain is lightly wounded.
As you read the scroll of teleportation, it crumbles to dust.
You feel strangely unstable.
The tengu reaver gestures at you while chanting.
The bolt of lightning hits the orc!!
The orc dies!
The bolt of lightning hits you!!!
* * * LOW HITPOINT WARNING * * *
You block the yaktaur captain's attack.
You hear a shout! x3; You hear a deafening roar!
Okay, then.
Okay, then.
Press: ? - help, v - describe, . - travel
Here: a golden dragon (catching its breath)
The floor.
Okay, then.
Casting: Ozocubu's Armour (safe; 0% risk of failure)
Confirm with . or Enter, or press ? or * to list all spells.
Okay, then.
Unknown command.
Casting: Ozocubu's Armour (safe; 0% risk of failure)
Confirm with . or Enter, or press ? or * to list all spells.
Aiming: Vampiric Draining (safe; 1% risk of failure)
Press: ? - help, Shift-Dir - straight line, f - yaktaur captain
Aim: a yaktaur captain (lightly wounded)
You draw life force from the yaktaur captain.
You feel life coursing into your body. The golden dragon bites you!
You die...
Your body crumbles into a pile of gold.

#... ..... #... ....
#.... #... #.#....##...
###.#....#..C#
...........#
######Q......c#########
..........o.W@.C.......
.........<<..D.........
........<ยง.C...........
.........po.$..[.......
#####p.....$$##########
#.......$$$..#.....
#...#....#[D..#....
Gp#.##p...#$$..#..# #.
## #....#$####..#


You could see 2 golden dragons, a vault warden, a tengu reaver (repels
missiles), a yaktaur captain, a vault guard (reflecting), 3 ettins, a vault
sentinel, a phantasmal warrior and 2 orc warriors.

Vanquished Creatures
  Norris (Vaults:3)
  Zenata (Elf:2)
  2 liches
  A deep elf blademaster (Elf:2)
  5 sphinxes
  An ancient champion (Vaults:3)
  A tentacled starspawn (Abyss:3)
  2 thorn hunters
  4 tengu reavers
  Donald (Elf:2)
  12 deep elf sorcerers
  8 frost giants
  4 emperor scorpions (Spider:4)
  6 fire giants
  An imperial myrmidon (Desolation)
  18 vault wardens
  2 balrugs
  5 ghost moths
  7 deep elf elementalists (Elf:3)
  18 ironbound preservers
  2 formless jellyfish
  7 ironbound thunderhulks
  A broodmother (Spider:4)
  6 stone giants
  10 very ugly things
  2 deep elf death magi (Elf:3)
  4 vampire knights
  3 eleionomae
  4 deep elf demonologists (Elf:3)
  4 deep elf annihilators
  2 war gargoyles (Vaults:3)
  A minotaur (Gauntlet)
  A dire elephant (Vaults:2)
  A halazid warlock (Desolation)
  3 spark wasps
  7 bunyips
  Snorg (D:11)
  3 ragged hierophants (Desolation)
  6 crystal guardians
  7 entropy weavers
  5 yaktaur captains
  5 fire dragons
  Josephine (D:10)
  A blizzard demon (Depths:2)
  8 deep elf high priests
  2 shambling mangroves
  2 rakshasas (Depths:1)
  5 peacekeepers
  16 hydras
  3 ice dragons
  6 servants of whispers (Desolation)
  The ghost of Biggs the Grappler, a novice TrFi of Wu Jian (Lair:1)
  6 alligators
  3 ghost crabs
  A two-headed ogre (shapeshifter) (Depths:1)
  2 radroaches
  33 vault guards
  A two-headed ogre (D:11)
  12 centaur warriors
  2 jorogumos
  15 ironbound frosthearts
  6 boulder beetles
  A death knight (D:15)
  6 demonic crawlers
  A deep troll earth mage (Depths:2)
  5 deep troll shamans (Depths:2)
  8 death yaks (IceCv)
  5 tengu warriors
  2 death scarabs (Gauntlet)
  A thrashing horror (Abyss:3)
  24 dancing weapons
  27 deep elf knights
  3 orc high priests
  An occultist (Depths:1)
  2 spriggan berserkers
  2 iron trolls (Depths:2)
  A soul eater (Depths:2)
  2 sun demons
  5 hell knights (Vaults:5)
  7 skysharks
  18 skeletal warriors
  6 pharaoh ants
  3 goliath frogs
  14 swamp dragons
  56 deep trolls
  A large abomination (Abyss:3)
  An orb spider (shapeshifter) (Elf:3)
  9 bog bodies
  7 spriggan druids
  A flayed ghost (Depths:2)
  4 glowing orange brains
  10 lindwurms
  A spectral hydra (Gauntlet)
  16 deep elf archers
  3 phantasmal warriors
  4 necromancers
  10 orb spiders
  13 ironbound convokers
  A tengu zombie (Vaults:2)
  7 arcanists
  5 steelbarb worms
  31 deep elf zephyrmancers
  7 orc knights
  28 wolf spiders
  5 starcursed masses (Abyss:3)
  6 orc sorcerers
  3 oklob plants
  24 deep elf pyromancers
  A faun (Lair:2)
  A manticore (D:13)
  A shadow dragon skeleton (Vaults:4)
  26 ugly things
  3 will-o-the-wisps
  5 cyclopes
  2 kobold blastminers
  5 black mambas
  18 vault sentinels
  3 moths of wrath
  6 meliai (Spider:4)
  A meliai (shapeshifter) (Vaults:1)
  A fire giant skeleton (Vaults:3)
  2 frost giant skeletons (Vaults:3)
  7 torpor snails
  A stone giant skeleton (Vaults:3)
  2 apocalypse crabs (Abyss:3)
  2 guardian serpents (Desolation)
  2 elephants (Lair:4)
  2 gargoyles
  3 molten gargoyles
  An ice statue (IceCv)
  21 cane toads
  A smoke demon (Depths:1)
  Maggie (D:8)
  A yaktaur zombie (Vaults:2)
  7 rime drakes
  2 unseen horrors
  10 komodo dragons
  30 yaktaurs
  A tormentor (Depths:2)
  A yaktaur skeleton (Vaults:3)
  An efreet (D:14)
  4 freezing wraiths
  An ancient zyme (Abyss:3)
  Psyche (D:11)
  2 tengu conjurers (Gauntlet)
  9 polar bears
  7 trolls
  A queen bee (Lair:1)
  2 hellwings (Abyss:3)
  42 saltlings (Desolation)
  15 tyrant leeches
  10 hornets
  A merfolk (Bazaar)
  A deep troll zombie (Vaults:4)
  24 tarantellas
  24 blink frogs
  7 dream sheep (Lair:4)
  A stone giant simulacrum (Vaults:4)
  A human simulacrum (Vaults:2)
  30 culicivoras
  22 slime creatures
  An ettin skeleton (Vaults:3)
  28 jumping spiders
  A centaur simulacrum (D:14)
  2 spectral black mambas (Gauntlet)
  4 air elementals
  5 spriggans
  4 shadows
  A spriggan (shapeshifter) (D:15)
  Sigmund (D:6)
  A vampire (D:9)
  2 fire elementals (Elf:2)
  53 yaks
  An elf zombie (Vaults:4)
  2 water elementals
  2 neqoxecs (Abyss:3)
  9 wraiths
  An unseen horror simulacrum (D:9)
  8 basilisks
  4 steam dragons
  A redback (shapeshifter) (D:15)
  16 vampire mosquitoes
  An elf skeleton (Vaults:3)
  2 wargs (Orc:1)
  2 death yak simulacra (Lair:4)
  A spectral cane toad (Gauntlet)
  69 redbacks
  16 swamp worms
  2 acid dragons
  17 water moccasins
  A glowing shapeshifter skeleton (Vaults:3)
  31 orc warriors
  A sky beast (D:7)
  A black bear (Lair:2)
  An ice beast (D:7)
  An ogre skeleton (Vaults:3)
  6 ogres
  2 ettin simulacra
  A laughing skull (Abyss:3)
  17 swamp drakes
  A crocodile (Sewer)
  A tengu (shapeshifter) (D:13)
  32 wolves
  7 centaurs
  4 boggarts (Vaults:3)
  20 bullfrogs
  2 kobold brigands
  2 phantoms (D:6)
  A brain worm (Abyss:3)
  A cane toad simulacrum (Lair:4)
  2 gnoll sergeants
  2 human skeletons
  A small abomination (Abyss:3)
  2 earth elementals
  3 scorpions
  15 killer bees
  2 electric eels (Lair:5)
  6 howler monkeys
  2 bombardier beetles
  3 hounds
  38 orc priests
  A gnoll bouda (D:7)
  A jelly (D:6)
  2 sleepcaps
  4 iguanas
  39 orc wizards
  A polar bear simulacrum (Lair:4)
  A wolf simulacrum (Lair:4)
  5 gnolls
  11 adders
  A river rat (D:6)
  2 shadow imps
  2 white imps
  An ufetubus (Abyss:3)
  2 dart slugs
  2 ribbon worms
  112 orcs
  3 endoplasms
  5 giant cockroaches
  6 goblins
  7 hobgoblins
  14 jackals
  12 kobolds
  3 quokkas
  7 ball pythons
  8 bats
  4 frilled lizards
  5 rats
  A butterfly (Lair:5)
1812 creatures vanquished.

Vanquished Creatures (collateral kills)
  Jorgrun (Spider:3)
1 creature vanquished.

Vanquished Creatures (others)
  2 bloated husks (Swamp:4)
  A tarantella (Spider:1)
  2 saltlings (Desolation)
  A spriggan (Swamp:1)
  A redback (Spider:1)
  A small abomination (Abyss:3)
  A gnoll (D:7)
  An orc (Vaults:5)
  4 foxfires (Swamp:3)
  4 starspawn tentacles (Abyss:3)
18 creatures vanquished.

Grand Total: 1831 creatures vanquished

Notes
Turn   | Place    | Note
-------+----------+-------------------------------------------
     0 | D:1      | Esekla the Octopode Wanderer began the quest for the Orb.
     0 | D:1      | Esekla set off with the following items: a +0 club, a +0
                  | hat, a potion of lignification, a scroll of silence; and
                  | the following spell memorised: Necrotise; and the following
                  | spells available to memorise: Sublimation of Blood,
                  | Vampiric Draining.
     0 | D:1      | Reached XP level 1. HP: 13/13 MP: 4/4
   405 | D:1      | Reached XP level 2. HP: 18/18 MP: 6/6
   590 | D:1      | Reached XP level 3. HP: 22/23 MP: 7/7
   594 | D:1      | Learned a level 3 spell: Vampiric Draining
  1189 | D:2      | Reached skill level 1 in Dodging
  1189 | D:2      | Reached XP level 4. HP: 15/28 MP: 2/9
  1333 | D:2      | Found a faded altar of an unknown god.
  1434 | D:2      | Reached skill level 1 in Short Blades
  1513 | D:2      | Reached skill level 5 in Stealth
  1577 | D:2      | Identified the +7 dagger "Vusomp" {heavy, rElec rN+ Int+3
                  | Dex+2}
  1806 | D:3      | Reached XP level 5. HP: 33/34 MP: 10/10
  2445 | D:4      | Learned a level 3 spell: Frozen Ramparts
  2819 | D:4      | Found Cacvep's Lightly-Used Armoury.
  2886 | D:4      | Found Xoodgh's Assorted Antiques.
  3414 | D:5      | Entered Level 5 of the Dungeon
  3481 | D:5      | Reached skill level 1 in Ice Magic
  3481 | D:5      | Reached XP level 6. HP: 25/39 MP: 11/11
  3486 | D:5      | Reached skill level 1 in Shields
  3596 | D:5      | Reached skill level 1 in Throwing
  3596 | D:5      | Reached skill level 4 in Spellcasting
  3596 | D:5      | Reached XP level 7. HP: 14/45 MP: 2/13
  4058 | D:5      | Reached XP level 8. HP: 52/52 MP: 14/14
  4302 | D:6      | Noticed Sigmund
  4337 | D:6      | Found a snail-covered altar of Cheibriados.
  4461 | D:6      | Found a glowing drain.
  4531 | Sewer    | Entered a sewer
  4855 | D:6      | Found a shadowy altar of Dithmenos.
  4983 | D:7      | Found Oroitri's Jewellery Shop.
  4998 | D:7      | Found Ystuox's Assorted Antiques.
  5027 | D:7      | Noticed a spriggan hatter
  5029 | D:7      | Killed a spriggan hatter
  5030 | D:7      | Reached skill level 5 in Spellcasting
  5030 | D:7      | Reached skill level 5 in Necromancy
  5098 | D:7      | Found Bouvod's Weapon Shoppe.
  5157 | D:7      | Found Waunuuva's Weapon Boutique.
  5187 | D:7      | Found a flagged portal.
  5194 | D:7      | Learned a level 3 spell: Ozocubu's Armour
  5249 | Bailey   | Entered a bailey
  5288 | Bailey   | Reached XP level 9. HP: 44/57 MP: 4/16
  5526 | Bailey   | Noticed an orc knight
  5548 | Bailey   | Killed an orc knight
  5687 | Bailey   | Noticed an orc knight
  5688 | Bailey   | Noticed an orc knight
  6050 | Bailey   | Killed an orc knight
  6051 | Bailey   | Reached skill level 6 in Spellcasting
  6437 | Bailey   | Killed an orc knight
  6438 | Bailey   | Reached XP level 10. HP: 14/65 MP: 6/20
  6891 | D:7      | Reached skill level 5 in Dodging
  7235 | D:7      | Reached skill level 7 in Spellcasting
  7357 | D:7      | Found a staircase to the Ecumenical Temple.
  7363 | Temple   | Entered the Ecumenical Temple
  7375 | Temple   | Became a worshipper of Gozag Ym Sagoz the Greedy
  7447 | D:7      | Reached skill level 5 in Ice Magic
  7460 | D:7      | Gained mutation: You are agile. (Dex +4, Str/Int -1)
                  | [potion of mutation]
  7460 | D:7      | Gained mutation: A frigid envelope surrounds you and
                  | freezes all who hurt you. [potion of mutation]
  7785 | D:6      | Killed Sigmund
  8346 | D:7      | Reached skill level 5 in Shields
  8377 | D:7      | Bought a +4 ring of protection for 432 gold pieces
  8584 | D:8      | Found a sparkling altar of Nemelex Xobeh.
  8584 | D:8      | Found a shimmering altar of Xom.
  8626 | D:8      | Noticed a skeletal warrior
  8626 | D:8      | Noticed a skeletal warrior
  8763 | D:8      | Found a staircase to the Lair.
  8786 | D:8      | Reached skill level 5 in Fighting
  9022 | D:8      | Learned a level 2 spell: Scorch
  9089 | D:8      | Reached skill level 1 in Fire Magic
  9159 | D:8      | Reached XP level 11. HP: 71/71 MP: 22/22
  9379 | D:7      | Bought 3 scrolls labelled CUKIVV BOCVEOCZI for 54 gold
                  | pieces
  9379 | D:7      | Bought a bubbling sapphire potion for 16 gold pieces
  9379 | D:7      | Bought a scroll labelled ZAMOKH CUBIO for 18 gold pieces
  9379 | D:7      | Bought a dented jade amulet for 90 gold pieces
  9543 | D:4      | Bought a scroll labelled LYONOAKYHI for 30 gold pieces
  9742 | Lair:1   | Entered Level 1 of the Lair of Beasts
  9760 | Lair:1   | Reached skill level 8 in Spellcasting
 10718 | Lair:1   | Found a transporter.
 10722 | Lair:1   | Found a transporter.
 10723 | Lair:1   | Noticed Biggs's ghost (novice TrFi)
 10773 | Lair:1   | Reached skill level 9 in Spellcasting
 11118 | Lair:1   | Reached skill level 1 in Long Blades
 11249 | Lair:2   | Noticed a faun
 11314 | Lair:2   | Noticed a skyshark
 11329 | Lair:2   | Killed a skyshark
 11614 | Lair:2   | Killed a faun
 11724 | Lair:2   | Reached XP level 12. HP: 65/79 MP: 8/25
 11953 | Lair:2   | Found a hole to the Spider Nest.
 12053 | Lair:2   | Found a blossoming altar of Fedhas.
 12060 | Lair:2   | Reached skill level 10 in Spellcasting
 12329 | Lair:2   | Learned a level 3 spell: Fugue of the Fallen
 12547 | D:8      | Noticed Maggie
 12575 | D:8      | Killed Maggie
 12855 | D:9      | Found a radiant altar of Vehumet.
 13009 | D:9      | Noticed a centaur warrior
 13012 | D:9      | Killed a centaur warrior
 13287 | D:9      | Noticed a centaur warrior
 13299 | D:9      | Killed a centaur warrior
 13896 | D:9      | Reached XP level 13. HP: 86/86 MP: 27/27
 13979 | D:10     | Entered Level 10 of the Dungeon
 13992 | D:10     | Reached skill level 11 in Spellcasting
 14056 | D:10     | Noticed Josephine
 14867 | D:10     | Found a staircase to the Orcish Mines.
 14906 | D:10     | Killed Josephine
 15181 | D:11     | Noticed Snorg
 15184 | D:11     | Killed Snorg
 15266 | D:11     | Found Dajuo's Book Emporium.
 15274 | D:11     | Bought a book of Minor Magic for 224 gold pieces
 15277 | D:11     | Learned a level 2 spell: Blink
 15493 | D:11     | Noticed Psyche
 15500 | D:11     | Killed Psyche
 15997 | D:12     | Identified the +0 rapier of the Vaults {freeze, rElec}
 16059 | D:12     | Reached skill level 1 in Translocations
 16095 | D:12     | Identified the ring "Xacow" {rC- rN+ Will- Str+3 Int+8}
 16185 | D:12     | Noticed a tengu reaver
 16195 | D:12     | Killed a tengu reaver
 16196 | D:12     | Reached skill level 10 in Stealth
 17311 | D:8      | Found Domagipn's Assorted Antiques.
 17316 | D:8      | Bought 2 scrolls labelled ZAMOKH CUBIO for 42 gold pieces
 17316 | D:8      | Bought a scroll labelled ZAN VYVOXTAENO for 21 gold pieces
 17407 | Orc:1    | Entered Level 1 of the Orcish Mines
 17714 | Lair:3   | Reached skill level 5 in Short Blades
 17820 | Lair:3   | Reached skill level 1 in Earth Magic
 18344 | Lair:3   | Reached XP level 14. HP: 88/93 MP: 20/29
 18534 | Lair:3   | Found a staircase to the Swamp.
 19004 | D:11     | Bought a book of Iron for 448 gold pieces
 19009 | D:11     | Learned a level 4 spell: Summon Lightning Spire
 19015 | D:11     | Learned a level 5 spell: Lee's Rapid Deconstruction
 19162 | Lair:4   | Reached skill level 12 in Spellcasting
 19358 | Lair:4   | Reached skill level 1 in Summonings
 19455 | Lair:4   | Reached skill level 1 in Air Magic
 19534 | Lair:4   | Found a frozen archway.
 19614 | IceCv    | Entered an ice cave
 20003 | IceCv    | Noticed a frost giant
 21754 | Lair:5   | Entered Level 5 of the Lair of Beasts
 22335 | Lair:5   | Reached skill level 13 in Spellcasting
 22370 | Lair:5   | Identified the +11 spear "Boeppuosow" {flame, *Noise rPois
                  | Str+5}
 22420 | Lair:5   | Reached XP level 15. HP: 67/100 MP: 30/32
 22496 | Lair:5   | Found a viscous altar of Jiyva.
 22505 | Lair:5   | Found a staircase to the Slime Pits.
 22778 | Lair:5   | Identified the +7 great mace of Haas {pain, rF+}
 23211 | Lair:5   | Identified the +11 spear "Rekhonafu" {flame, rElec Will+
                  | Dex+2}
 23258 | Lair:5   | Identified the +0 ring mail "Ute Tuzu" {rElec Str+2 Int+8
                  | Dex-4}
 23588 | D:8      | Bought a scroll of identify for 48 gold pieces
 23588 | D:8      | Bought a scroll of identify for 48 gold pieces
 23766 | Lair:4   | Bought Hashaman's Anthology of Electric Congelation for 416
                  | gold pieces
 23772 | Lair:4   | Learned a level 5 spell: Freezing Cloud
 23921 | Orc:2    | Entered Level 2 of the Orcish Mines
 24082 | Orc:2    | Paralysed by an orc sorcerer for 3 turns
 24088 | Orc:2    | Paralysed by an orc sorcerer for 2 turns
 24462 | Orc:2    | Found a staircase to the Elven Halls.
 24688 | Orc:1    | Found a runed translucent door.
 24689 | Orc:1    | Found a shimmering altar of Xom.
 24689 | Orc:1    | Noticed jschmitter482's ghost (novice MiBe)
 24772 | Orc:1    | Reached skill level 1 in Conjurations
 24810 | Orc:1    | Found Xaes's Antique Weapon Boutique.
 25717 | Orc:2    | Found Teofeb's Assorted Antiques.
 25717 | Orc:2    | Found Quorghoe's General Store.
 25717 | Orc:2    | Found Plog's Distillery.
 25720 | Orc:2    | Found Bevysk's Jewellery Shoppe.
 25821 | Orc:2    | Bought a scroll of acquirement for 676 gold pieces
 25824 | Orc:2    | Bought a scroll of identify for 66 gold pieces
 26131 | D:8      | Bought a glowing scimitar for 168 gold pieces
 26144 | D:8      | Acquired the +3 Elemental Staff {ele, rElec rF+ rC+ AC+3}
 26144 | D:8      | Found the +3 Elemental Staff {ele, rElec rF+ rC+ AC+3}
 26877 | D:13     | Reached skill level 10 in Dodging
 28933 | D:13     | Found the ring of the Octopus King
 29086 | D:14     | Found a gate to the Vaults.
 29174 | D:14     | You fall into a shaft and drop 1 floor!
 29174 | D:15     | Entered Level 15 of the Dungeon
 29234 | D:14     | Found a gate leading to a gauntlet.
 29255 | D:14     | Bought an iridescent long sword for 280 gold pieces
 29255 | D:14     | Identified the +7 long sword of Vinugulo {flame, rC+ SInv}
                  | (You bought it in a shop on level 14 of the Dungeon)
 29263 | Gauntlet | Entered a Gauntlet
 29263 | Gauntlet | Found a transporter.
 29263 | Gauntlet | Found a transporter.
 29265 | Gauntlet | Found a transporter.
 29266 | Gauntlet | Found a transporter.
 29268 | Gauntlet | Found a transporter.
 29285 | Gauntlet | Found a transporter.
 29287 | Gauntlet | Found a transporter.
 29328 | Gauntlet | Found a transporter.
 29328 | Gauntlet | Found a transporter.
 29330 | Gauntlet | Found a transporter.
 29340 | Gauntlet | Found a transporter.
 29362 | Gauntlet | Found a transporter.
 29372 | Gauntlet | Found a transporter.
 29386 | Gauntlet | Found a transporter.
 29467 | Gauntlet | Reached XP level 16. HP: 61/108 MP: 29/33
 29479 | Gauntlet | Identified the ring "Hugol" {Wiz rF+}
 29658 | Gauntlet | Identified the ring "Ocsuigao" {Ice rElec rPois Str+2
                  | Int-2}
 29667 | Gauntlet | Reached skill level 14 in Spellcasting
 29671 | Gauntlet | Reached skill level 5 in Long Blades
 30818 | D:14     | Found a hide-covered altar of Uskayaw.
 31251 | D:15     | Reached skill level 5 in Earth Magic
 31383 | D:15     | Reached skill level 1 in Staves
 31583 | D:15     | Found a staircase to the Depths.
 32306 | Spider:1 | Entered Level 1 of the Spider Nest
 33118 | Orc:2    | Bought a potion of curing for 39 gold pieces
 33118 | Orc:2    | Bought a potion of heal wounds for 65 gold pieces
 33118 | Orc:2    | Bought 2 potions of heal wounds for 130 gold pieces
 33271 | Spider:1 | Reached skill level 5 in Air Magic
 33872 | Elf:1    | Entered Level 1 of the Elven Halls
 34019 | Elf:1    | Paralysed by an air elemental for 1 turns
 34230 | Elf:1    | Paralysed by an air elemental for 1 turns
 34734 | Elf:1    | Reached skill level 10 in Fighting
 35522 | Elf:2    | Found a shimmering altar of Xom.
 35683 | Elf:2    | Found Lydag's Magic Scroll Boutique.
 35717 | Elf:2    | Bought a scroll of acquirement for 988 gold pieces
 35722 | Elf:1    | Acquired 1224 gold pieces
 35956 | Swamp:1  | Entered Level 1 of the Swamp
 35974 | Swamp:1  | Reached skill level 15 in Spellcasting
 35977 | Swamp:1  | Reached XP level 17. HP: 115/115 MP: 23/36
 37743 | Spider:1 | Gained mutation: You are very agile. (Dex +8, Str/Int -2)
                  | [mutagenic glow]
 37991 | Spider:1 | Reached skill level 5 in Fire Magic
 39009 | Spider:1 | Paralysed by a jorogumo for 1 turns
 39160 | Spider:1 | Reached skill level 5 in Conjurations
 42110 | D:8      | Bought the Unrestrained Analects for 572 gold pieces
 42118 | D:8      | Learned a level 7 spell: Ozocubu's Refrigeration
 42123 | D:8      | Learned a level 4 spell: Olgreb's Toxic Radiance
 42241 | Swamp:1  | Reached skill level 10 in Ice Magic
 43409 | Swamp:2  | Reached skill level 1 in Alchemy
 43972 | Swamp:2  | Reached XP level 18. HP: 81/122 MP: 37/37
 44405 | Swamp:3  | Learned a level 5 spell: Irradiate
 44725 | Swamp:3  | Reached skill level 16 in Spellcasting
 45819 | Swamp:4  | Entered Level 4 of the Swamp
 47547 | Swamp:4  | Identified the +7 shortbow of Kanwac {freeze, rPois rF+
                  | rCorr Int+2}
 48043 | Swamp:4  | Got a decaying rune of Zot
 48976 | Spider:3 | Noticed Jorgrun
 48990 | Spider:3 | Killed Jorgrun
 49490 | Spider:3 | Reached XP level 19. HP: 129/129 MP: 39/39
 50401 | Spider:4 | Entered Level 4 of the Spider Nest
 50715 | Spider:4 | Reached XP level 20. HP: 105/135 MP: 36/40
 50747 | Spider:4 | Reached skill level 17 in Spellcasting
 51091 | Spider:4 | Reached skill level 5 in Alchemy
 52106 | Spider:4 | Got a gossamer rune of Zot
 52439 | Depths:1 | Entered Level 1 of the Depths
 52983 | Vaults:1 | Entered Level 1 of the Vaults
 53646 | Vaults:1 | Found Lud Ucwi's Weapon Emporium.
 53865 | Vaults:1 | Identified the +1 hat "Uhabiarr" {Int+5}
 54221 | Vaults:1 | Found Ewicw's Antique Weapon Shoppe.
 54378 | Vaults:1 | Identified the +12 great sword "Jatim" {protect, rElec rC-
                  | rN+ SInv}
 54878 | Vaults:2 | Found a crumbling gateway.
 54929 | Desolati | Entered the Desolation of Salt
 55257 | Desolati | HP: 6/136 [saltling (4)]
 55762 | Desolati | Got the Anthology of Transfiguration
 55769 | Desolati | Learned a level 4 spell: Sticky Flame
 55777 | Desolati | Identified the +1 orcbow of Aleeno {flame, MP+9}
 55778 | Desolati | Identified the ring "Jom Olog" {rF+ Int+4}
 55780 | Desolati | Identified the ring of Akoczunk {rF- Str+3 Int+6 Stlth+}
 55828 | Desolati | Reached XP level 21. HP: 135/143 MP: 26/42
 55974 | Desolati | Got the Precepts of the Flashy Wendigo
 55976 | Desolati | Identified the +2 broad axe "Bustijam" {drain, Int+3}
 55981 | Desolati | Identified the +0 plate armour "Xiv Kod" {Int+3}
 56612 | Desolati | Reached skill level 18 in Spellcasting
 56835 | Desolati | Identified the +6 hand axe of the Bruised Defenders {spect,
                  | Will+ Stlth+}
 56837 | Desolati | Identified the +6 morningstar of Inference {pain, Int+4}
 57050 | Vaults:2 | Found a portal to a secret trove of treasure.
 57112 | Vaults:2 | Paralysed by a formless jellyfish for 1 turns
 58067 | Vaults:2 | Reached skill level 10 in Long Blades
 58615 | Vaults:2 | Learned a level 4 spell: Airstrike
 58671 | Vaults:2 | Reached skill level 5 in Staves
 59944 | Depths:1 | Paralysed by a vampire knight for 4 turns
 60088 | Depths:1 | Found a sparkling altar of Nemelex Xobeh.
 60386 | Depths:1 | Paralysed by a vampire knight for 3 turns
 60448 | Depths:1 | Found Dyse's Book Shoppe.
 60451 | Depths:1 | Bought a book of Party Tricks for 374 gold pieces
 60453 | Depths:1 | Learned a level 1 spell: Apportation
 60919 | Depths:1 | Found a shimmering blue altar of Sif Muna.
 61619 | Depths:1 | Found the +10 dark maul {heavy}
 61622 | Depths:1 | Found a gateway to Hell.
 62023 | Depths:1 | Found a one-way gateway to a ziggurat.
 62761 | Depths:2 | Reached XP level 22. HP: 132/150 MP: 21/44
 63361 | Depths:2 | Found a shimmering altar of Xom.
 63627 | Depths:2 | Reached skill level 19 in Spellcasting
 63797 | Depths:2 | Identified the +2 robe of a ziggurat {Will+}
 63858 | Depths:2 | Found a one-way gate leading to the halls of Pandemonium.
 64392 | Depths:2 | Noticed Grunn
 64503 | D:15     | Bought the ring of the Zebra {rC+ Str+6 Slay+5} for 1420
                  | gold pieces
 64798 | Vaults:3 | Paralysed by a sphinx for 2 turns
 64813 | Vaults:3 | HP: 5/151 [ironbound frostheart (12)]
 64823 | Vaults:3 | HP: 7/151 [yaktaur captain/bolt (49)]
 64863 | Vaults:3 | Found a flickering gateway to a bazaar.
 65144 | Bazaar   | Entered a bazaar
 65367 | Bazaar   | Found Ytweig's Antique Armour Shop.
 65419 | Bazaar   | Found Umucoirch's Antique Weapon Shoppe.
 65441 | Bazaar   | Found Buasumus's Book Emporium.
 65462 | Bazaar   | Bought a Trismegistus Codex for 364 gold pieces
 65645 | Vaults:1 | Learned a level 4 spell: Ignite Poison
 65867 | Vaults:3 | Noticed Norris
 65946 | Vaults:3 | Killed Norris
 67103 | Vaults:3 | Found a staircase to the Crypt.
 68960 | Vaults:4 | Found Maicyo's Jewellery Boutique.
 69144 | Vaults:4 | Reached XP level 23. HP: 157/157 MP: 46/46
 70382 | Elf:2    | Found a runed translucent gate.
 70383 | Elf:2    | Found a runed translucent gate.
 70383 | Elf:2    | Found a runed translucent gate.
 70428 | Elf:2    | Noticed Donald
 70502 | Elf:2    | Reached skill level 20 in Spellcasting
 70503 | Elf:2    | Killed Donald
 70702 | Elf:2    | Noticed Zenata
 71026 | Elf:2    | Killed Zenata
 71536 | Lair:1   | Killed Biggs's ghost
 71934 | Vaults:2 | You paid a toll of a +7 demon whip to enter a treasure
                  | trove
 71935 | Trove    | Entered a treasure trove
 71939 | Trove    | Identified the ring of Xom's Amusement {Will- MP+9 Int+9
                  | Dex+5}
 71941 | Trove    | Identified the amulet of Daqif {-Cast Will++ Regen+ Dex+4}
 71947 | Trove    | Identified the ring "Yddos" {rPois Will+ Str+6}
 71949 | Trove    | Identified the ring "Kuaff" {rF+ AC+4}
 71951 | Trove    | Identified the ring of the Catfish {Will+ Int+3 SInv}
 71953 | Trove    | Identified the ring of Ocec {Fly rC++ Int+2 SInv}
 71959 | Trove    | Identified the ring of Neham {*Corrode Fly rN++ Int+7}
 71960 | Trove    | Identified the ring "Ajomoal" {Int+4 Dex+6}
 71963 | Trove    | Identified the ring "Woyp" {rCorr Str+3 Int+6 Stlth-}
 71964 | Trove    | Identified the ring "Reacugek" {rN+ Will+ Dex+4 SInv}
 72327 | Elf:3    | Entered Level 3 of the Elven Halls
 72654 | Abyss:3  | Cast into level 3 of the Abyss (a deep elf demonologist)
 72997 | Abyss:3  | HP: 4/158 [red very ugly thing (16)]
 73054 | Abyss:3  | Got an abyssal rune of Zot
 73062 | Abyss:3  | HP: 7/159 [spatial maelstrom[an orange crystal statue] (3)]
 73062 | Abyss:3  | HP: 1/159 [ice dragon (glowing shapeshifter)/blast of
                  | cold[an orange crystal statue] (6)]
 73094 | Abyss:4  | Gained mutation: Your body sometimes deteriorates upon
                  | taking damage. [a shining eye]
 73098 | Abyss:4  | Gained mutation: You are dopey. (Int -2) [a shining eye]
 73102 | Abyss:4  | Gained mutation: Your spells are a little easier to cast,
                  | but a little less powerful. [a shining eye]
 73103 | Elf:3    | Escaped the Abyss
 73158 | Elf:3    | Found Issaor's Book Shop.
 73174 | Elf:3    | Reached skill level 10 in Air Magic
 73299 | Elf:3    | Bought a book of Touch for 308 gold pieces
 73517 | Elf:3    | Identified the +7 morningstar of Wewuoj {freeze, Int+2}
 73543 | Elf:3    | Identified the +3 fire dragon scales of Disappointment
                  | {rElec rF++ rC-}
 73880 | Elf:3    | Identified the +1 cloak of the Ikuchi {Fly Slay+5}
 73883 | Elf:3    | Got the Tome of Arson and Minerals
 73886 | Elf:3    | Identified the +1 orcbow of Xynysuv {heavy, ^Fragile rElec
                  | Int+8}
 73936 | Elf:3    | Identified the +7 short sword of the Thieving Visionary
                  | {venom, rPois rCorr}
 73954 | Elf:3    | Identified the orb of the Gate {guile, Earth}
 74520 | Vaults:5 | Entered Level 5 of the Vaults
 74535 | Vaults:5 | Reached XP level 24. HP: 126/164 MP: 24/47
 74685 | Vaults:5 | Reached skill level 21 in Spellcasting
 75140 | Vaults:5 | Slain by a golden dragon

Illustrated notes

Levels and vault maps discovered:
D:1:      nicolae_arrival_washed_ashore, layout_basic, minmay_statues_item
D:2:      layout_basic, shapermc_ecumenical_altar_mp_vishouse,
          minmay_randomly_rotated_circles
D:3:      layout_loops_ring
D:4:      layout_layer_cave, serial_shops,
          nicolae_shop_temple_entry_statues_fountains, minmay_shop_damaged,
          minmay_door_square
D:5:      layout_basic
D:6:      layout_cave_pools, slow_altar_1, mainiacjoe_overflow_catwalk,
          gup_sewer_entry_bubbles, nicolae_figureground_sparkle, uniq_sigmund
D:7:      layout_cave_pools, minmay_temple_entry_fiery, enter_bailey_2,
          serial_park, serial_park_avenue1, serial_park_square3
          [serial_park_minivault_5x5_5], serial_park_tiny_pond,
          serial_park_tiny_pond, serial_park_square1
          [serial_park_minivault_5x5_3], serial_shops, nicolae_take_the_stairs,
          nicolae_shop_real_fake_doors, nicolae_shop_gaudy_bauble,
          nicolae_shop_bloodbath_and_beyond, mrwooster_statue_mirror,
          the_hattery
D:8:      layout_basic, jmf_multi_god_temple, due_lair_maze_entry_diamond,
          minmay_shop_grid_forest, uniq_maggie
D:9:      layout_gridville, old_standard_altar, minivault_28
D:10:     layout_basic, orc_0_dummy, chequers_serial_rivers_small_3,
          chequers_serial_rivers_marsh, grunt_decor_cap, uniq_josephine
D:11:     layout_long_grid, serial_shops, nicolae_shop_peninsula, uniq_psyche,
          uniq_snorg
D:12:     layout_cave_pools, kennysheep_four_rooms
D:13:     minmay_weird_star, layout_rooms
D:14:     layout_roguey, david_vaults_1, nicolae_uskayaw_suspiria,
          gauntlet_entry_generic
D:15:     grunt_enter_depths_hoard, layout_rooms, nrook_mini_vaults
Temple:   bh_familiar_temple
Lair:1:   beast_lair_carwin_large_2, layout_regular_city, gammafunk_ghost_hive,
          columned_hall_lemuel
Lair:2:   layout_gridlike, nicolae_spider_entry_orb_guardian,
          hangedman_tree_tricks, grunt_forest_large_clearings
Lair:3:   layout_loops_ring, minmay_swamp_entry_worms
Lair:4:   layout_cave_pods, portal_ice_cave_entry_ice_simulacra, st_stairs_9,
          serial_bayou_shore_b, serial_bayou_shore_b
Lair:5:   minmay_lair_end_frog_pond, layout_cave_pods, slime_entry_1,
          lemuel_fruit_fields
Swamp:1:  layout_falls_marsh, evilmike_swamp_ruin_house_6
Swamp:2:  layout_basic_swamp, infiniplex_staircase_pool,
          nicolae_swamp_bunyip_nook
Swamp:3:  layout_basic_swamp, evilmike_swamp_ruin_house_3,
          nicolae_swamp_stuck_in_the_mud, nicolae_swamp_dense_foliage,
          swamp_pool_5, hangedman_swamp_wriggling
Swamp:4:  swamp_basic_johnstein, layout_basic_swamp, swamp_pool_1_2
Spider:1: layout_cave_pods, drop_trap
Spider:2: layout_chambers
Spider:3: layout_cave_pods, uniq_jorgrun
Spider:4: grunt_spider_rune_parallel
Orc:1:    layout_diamond_mine, ebering_ghost_xom, serial_shops, shop
Orc:2:    st_orc_mages, layout_diamond_mine, minmay_orc_barracks
Elf:1:    layout_loops_cross, hangedman_corner_corridor
Elf:2:    nicolae_elf_blades_crystal_corner, layout_geoelf_octagon, basic_altar,
          serial_shops, shop_statue, drop_trap, uniq_zenata, uniq_donald
Elf:3:    minmay_elf_hall_spiked, layout_loops_ring, serial_shops,
          nicolae_book_shop_shelving, minivault_16
Vaults:1: nicolae_vaults_diffraction_hallways,
          nicolae_vaults_offset_grid_hallway_2, hangedman_vaults_restitches,
          nicolae_vaults_turnstiles, vaults_dpeg_spiral,
          vaults_mumra_minichess_inversion, v_rooms_3, ontoclasm_vaults_bender,
          nicolae_vaults_closet_pinwheel_5, dpeg_vaults_monster_box,
          layout_vaults_omnibox, serial_shops, shop
Vaults:2: portal_desolation_entry_garden, nicolae_vaults_closet_pinwheel_1,
          ontoclasm_vaults_fault, nicolae_vaults_frosty_reception,
          vaults_room_door_ring, nicolae_vaults_closet_pinwheel_1,
          ontoclasm_vaults_decontamination, layout_vaults_omnigrid,
          nicolae_trove_entry_crystal
Vaults:3: v_pattern_1, nicolae_vaults_windows_and_doors_thing,
          vaults_mumra_minichess, nicolae_vaults_three_branches,
          minmay_crypt_entry_skeletal_spiral, v_misc_4, st_hourglassy,
          nicolae_vaults_big_angled_halls, nicolae_vaults_trapezoid_lopsided_2,
          nicolae_vaults_layer_cake_slice, nicolae_vaults_diagonal_hallway_7,
          layout_vaults_omnicross, serial_shops, bzr_entry_lakeside, uniq_norris
Vaults:4: v_misc_8, nicolae_vaults_ring_of_whatevers,
          nicolae_vaults_little_squares_5, nicolae_vaults_closet_pinwheel_6,
          v_misc_33, nicolae_vaults_storage_room_glass,
          nicolae_vaults_closet_pinwheel_1, nicolae_vaults_yaktaur_gun_rack,
          nicolae_vaults_stepped_doors, ontoclasm_vaults_pinch,
          vaults_room_stairs_pillars, nicolae_vaults_house_3,
          layout_vaults_big_room, serial_shops, shop
Vaults:5: serial_shops
Depths:1: layout_long_grid, enter_ziggurat_f, hangedman_decor_cross_pass,
          lightli_too_deep, serial_shops, nicolae_shop_behind_doors,
          hangedman_abyss_or_decor_stabs, serial_library_hellmonk_open_square,
          nemelex_xobeh_ov_fountains_minmay, grunt_megastairs_5
Depths:2: kennysheep_ambush_hall, layout_gridlike, xom_teletrap_fun,
          hangedman_coc_ice_floe, grunt_pan_entry_in_and_out, corner_web_ring,
          uniq_grunn

Skill      XL: |  1  2  3  4  5  6  7  8  9 10 11 12 13 14 15 16 17 18 19 20 21 22 23 24 |
---------------+-------------------------------------------------------------------------+-----
Dodging        | 1 2 3 4 5 6 7 8 9 10 11 12 13 14 | 14.4
Short Blades   | 1 2 3 4 5 |  5.2
Stealth        | 5 6 7 8 9 10 11 12 13 | 13.2
Fighting       | 2 3 4 5 6 7 8 9 10 11 12 13 14 | 14.1
Ice Magic      | 1 2 3 4 5 6 7 8 9 10 11 12 13 14 | 14.3
Shields        | 1 2 3 4 5 |  5.3
Throwing       | 1 2 3 4 |  4.5
Spellcasting   | 4 5 6 7 9 10 11 13 15 16 17 18 19 20 21 | 21.0
Necromancy     | 4 5 6 7 8 9 |  9.6
Fire Magic     | 1 3 4 5 6 |  6.3
Long Blades    | 1 3 4 6 7 8 9 10 11 12 | 12.6
Translocations | 3 4 |  4.1
Earth Magic    | 1 2 4 5 6 |  6.9
Summonings     | 3 4 |  4.1
Air Magic      | 2 4 5 6 8 9 10 | 10.7
Conjurations   | 3 4 5 6 7 |  7.8
Staves         | 1 4 5 |  5.4
Alchemy        | 1 4 6 7 8 |  8.1
Polearms       | |  0.9
Evocations     | |  0.8

Action                     |  1- 3 |  4- 6 |  7- 9 | 10-12 | 13-15 | 16-18 | 19-21 | 22-24 || total
---------------------------+-------+-------+-------+-------+-------+-------+-------+-------++-------
  Melee: Short sword       |    31 |       |       |       |       |       |       |       ||    31
         Constrict         |    17 |    19 |    41 |    44 |   123 |    78 |    99 |    95 ||   516
         Tentacles         |    12 |    13 |    42 |    67 |   195 |   126 |   204 |   160 ||   819
         Dagger            |    54 |    76 |   146 |   189 |   272 |   114 |    35 |    45 ||   931
         Trident           |       |       |    16 |       |       |       |       |       ||    16
         Punch             |       |       |       |     6 |    13 |     7 |    18 |    15 ||    59
         Falchion          |       |       |       |    42 |   345 |    13 |    74 |   174 ||   648
         Long sword        |       |       |       |       |    54 |   137 |   120 |    56 ||   367
         Staff             |       |       |       |       |    12 |   142 |   271 |   124 ||   549
         Scimitar          |       |       |       |       |     4 |       |       |       ||     4
         Double sword      |       |       |       |       |       |       |       |    16 ||    16
  Throw: Boomerang         |       |     1 |     8 |     7 |    57 |    84 |    30 |    27 ||   214
         Dart              |       |       |     2 |    20 |    14 |     5 |       |     2 ||    43
         Javelin           |       |       |       |       |     3 |       |     5 |       ||     8
   Cast: Vampiric Draining |     2 |     7 |    27 |    37 |    10 |    12 |     6 |     3 ||   104
         Frozen Ramparts   |       |       |     9 |    54 |    93 |    64 |    56 |    37 ||   313
         Ozocubu's Armour  |       |       |    10 |    39 |    80 |   106 |    77 |    67 ||   379
         Scorch            |       |       |       |     4 |    47 |    96 |     5 |       ||   152
         Fugue of the Fall |       |       |       |       |    23 |    20 |    16 |    18 ||    77
         Blink             |       |       |       |       |     3 |     7 |     1 |     1 ||    12
         Lee's Rapid Decon |       |       |       |       |     6 |     2 |    18 |     6 ||    32
         Freezing Cloud    |       |       |       |       |     8 |   101 |    39 |    35 ||   183
         Summon Lightning  |       |       |       |       |     1 |     5 |       |     1 ||     7
         Ozocubu's Refrige |       |       |       |       |       |     7 |     7 |     2 ||    16
         Irradiate         |       |       |       |       |       |    13 |    20 |    21 ||    54
         Olgreb's Toxic Ra |       |       |       |       |       |     9 |    41 |    55 ||   105
         Sticky Flame      |       |       |       |       |       |       |    33 |    56 ||    89
         Airstrike         |       |       |       |       |       |       |     2 |    33 ||    35
         Apportation       |       |       |       |       |       |       |     1 |   106 ||   107
         Ignite Poison     |       |       |       |       |       |       |       |    25 ||    25
 Invoke: Call Merchant     |       |       |       |     1 |     3 |     2 |       |     3 ||     9
  Evoke: Wand              |       |       |     6 |       |     2 |       |     7 |     7 ||    22
    Use: Scroll            |       |       |    12 |     2 |    30 |     4 |     1 |    15 ||    64
         Potion            |       |       |     1 |     5 |     8 |     9 |     4 |    34 ||    61
   Stab: Sleeping          |     8 |    19 |    10 |    17 |    31 |    39 |    26 |    25 ||   175
         Distracted        |       |       |     1 |     5 |    10 |     1 |     9 |     9 ||    35
         Invisible         |       |       |       |       |       |     2 |       |       ||     2
         Confused          |       |       |       |       |       |       |       |     1 ||     1
 Armour: Skin              |    39 |    25 |   104 |   191 |   374 |   473 |   382 |   394 ||  1982
  Dodge: Dodged            |    54 |    43 |   108 |   188 |   495 |   630 |   479 |   434 ||  2431
  Block: Buckler           |       |       |    27 |   142 |   326 |   239 |   196 |   115 ||  1045
         Reflection        |       |       |       |     5 |     2 |       |       |       ||     7
